 Dungeon Crawl Stone Soup version 0.30-a0-1035-g38d5fb2972 (webtiles) character file.

Game seed: 7036329466478731425

134765 senseless the Blocker (level 17, -18/95 HPs)
             Began as a Vine Stalker Fighter on Apr 8, 2023.
             Was a Believer of Uskayaw.
             Succumbed to a green very ugly thing's poison
             ... on level 1 of the Depths.
             The game lasted 01:25:05 (19666 turns).

senseless the Blocker (Vine Stalker Fighter)       Turns: 19666, Time: 01:25:05

Health: -18/95     AC: 43    Str: 37    XL:     17   Next: 17%
Magic:  8/18       EV:  7    Int: 12    God:    Uskayaw [**....]
Gold:   2109       SH: 10    Dex: 16    Spells: 16/16 levels left

rFire   + . .      SeeInvis .    F - +6 war axe (heavy)
rCold   . . .      Faith    .    b - +2 buckler of Qenir {rF+ Will+}
rNeg    . . .      Spirit   +    g - +10 crystal plate armour of Oblivion {Str+3 Int+4 Dex+3}
rPois   .          Reflect  .    Z - +1 helmet
rElec   .          Rampage  .    G - +2 cloak
rCorr   .                        v - +0 pair of gloves
Will    +++..                    t - +2 pair of boots Stlth
                                 D - amulet of regeneration
HPRegen 1.95/turn                z - ring of flight
MPRegen 0.16/turn                e - +6 ring of strength

@: lethally poisoned (-18 -> -140), about to teleport, flying, studying Earth
Magic
A: fangs 3, regeneration 1, magic shield, antimagic bite, no potion heal 2
a: Renounce Religion, Stomp, Line Pass


You were on level 1 of the Depths.
You worshipped Uskayaw.
Uskayaw was noncommittal.
You visited 6 branches of the dungeon, and saw 25 of its levels.
You also visited: Ice Cave and Volcano.

You collected 2338 gold pieces.
You spent 229 gold pieces at shops.

Inventory:

Hand Weapons
 F - a +6 heavy war axe (weapon)
 W - a +4 scimitar of flaming
Armour
 b - the +2 buckler of Qenir (worn) {rF+ Will+}
   (You acquired it on level 4 of the Dungeon)

   rF:        It protects you from fire.
   Will:      It increases your willpower.
 g - the +10 crystal plate armour of Oblivion (worn) {Str+3 Int+4 Dex+3}
   (You acquired it on level 4 of the Dungeon)

   Str:       It affects your strength (+3).
   Int:       It affects your intelligence (+4).
   Dex:       It affects your dexterity (+3).
 p - a scarf of repulsion
 t - a +2 pair of boots (worn)
 v - a +0 pair of gloves (worn)
 G - a +2 cloak (worn)
 Z - a +1 helmet (worn)
Jewellery
 e - a +6 ring of strength (right hand)
 m - a +4 ring of protection
 z - a ring of flight (left hand)
 B - a ring of positive energy
 D - an amulet of regeneration (around neck)
 E - a ring of protection from fire
 M - a ring of protection from cold
 N - the amulet "Imur" {Spirit rPois}
   (You found it in an ice cave)

   [amulet of guardian spirit]

   It causes incoming damage to be divided between your reserves of health and
   magic.
   rPois:     It protects you from poison.
 O - the ring of the Three Songs {rCorr MP-9 Int+6 SInv}
   (You found it in an ice cave)

   [ring of intelligence]

   Int:       It affects your intelligence (+6).
   MP:        It affects your magic capacity (-9).
   SInv:      It lets you see invisible.
   rCorr:     It protects you from acid and corrosion.
 V - a ring of poison resistance
Wands
 j - a wand of roots (14)
 y - a wand of flame (26) (quivered)
 C - a wand of quicksilver (13)
 H - a wand of paralysis (5)
 J - a wand of mindburst (14)
 S - a wand of digging (4)
Scrolls
 c - 2 scrolls of fog
 f - 2 scrolls of immolation
 h - 2 scrolls of magic mapping
 i - 10 scrolls of teleportation
 l - 2 scrolls of identify
 A - 4 scrolls of fear
 L - 2 scrolls of amnesia
 P - 2 scrolls of blinking
 Y - a scroll of brand weapon
Potions
 a - 2 potions of berserk rage
 d - a potion of might
 k - 15 potions of curing
 n - 3 potions of mutation
 o - 5 potions of brilliance
 q - a potion of attraction
 r - 2 potions of invisibility
 s - 4 potions of ambrosia
 u - 5 potions of haste
 w - 5 potions of lignification
 K - a potion of cancellation
 Q - a potion of resistance
 X - a potion of flight
Miscellaneous
 x - a phial of floods
 I - a condenser vane
 R - a lightning rod (4/4)
 T - a condenser vane
 U - a phantom mirror


   Skills:
 + Level 13.5 Fighting
 + Level 13.4 Axes
 + Level 12.5 Armour
 + Level 13.5 Shields
 + Level 10.9 Evocations


You had 16 spell levels left.
You didn't know any spells.
Your spell library contained the following spells:

 Spells                   Type           Power      Damage    Failure   Level
 Beastly Appendage        Tmut           0%         N/A       99%         1
 Slow                     Hex            0%         N/A       99%         1
 Wereblood                Tmut           0%         N/A       100%        2
 Dazzling Flash           Conj/Hex       0%         N/A       100%        3
 Ozocubu's Armour         Ice            0%         N/A       100%        3
 Portal Projectile        Hex/Tloc       0%         N/A       100%        3
 Spider Form              Tmut/Pois      0%         N/A       100%        3
 Tukima's Dance           Hex            0%         N/A       100%        3
 Volatile Blastmotes      Fire/Tloc      0%         2d10      100%        3
 Anguish                  Hex/Necr       0%         N/A       100%        4
 Fulminant Prism          Conj/Hex       0%         3d5       100%        4
 Iskenderun's Mystic Bla  Conj/Tloc      0%         2d3       100%        4
 Leda's Liquefaction      Hex/Erth       0%         N/A       100%        4
 Manifold Assault         Tloc           0%         N/A       100%        4
 Blade Hands              Tmut           0%         N/A       100%        5
 Metabolic Englaciation   Hex/Ice        0%         N/A       100%        5
 Yara's Violent Unravell  Hex/Tmut       0%         3d3       100%        5
 Dispersal                Tloc           0%         N/A       100%        6
 Simulacrum               Ice/Necr       0%         N/A       100%        6
 Starburst                Conj/Fire      0%         6d3       100%        6
 Statue Form              Tmut/Erth      0%         N/A       100%        6
 Enfeeble                 Hex            0%         N/A       100%        7
 Ozocubu's Refrigeration  Ice            0%         4d7       100%        7
 Discord                  Hex            0%         N/A       100%        8
 Disjunction              Tloc           0%         N/A       100%        8


Dungeon Overview and Level Annotations

Branches:
Dungeon (15/15)            Temple (1/1) D:6            Lair (5/5) D:9
 Shoals (0/4) Lair:3        Snake (0/4) Lair:3        Slime (0/5) Lair:4
    Orc (2/2) D:11            Elf (1/3) Orc:2        Vaults (0/5) D:13
 Depths (1/4) D:15          IceCv (visited)         Volcano (visited)

Altars:
Ashenzari
Cheibriados
Elyvilon
Fedhas
Ru
Sif Muna
Uskayaw
Vehumet
Xom
The Shining One
Jiyva

Shops:
D:5 *   D:7 [   Orc:2 :*[[

Portals:
Trove: D:14 (give 5 scrolls of fear)


Innate Abilities, Weirdness & Mutations

You have razor-sharp teeth.
Your natural rate of healing is unusually fast.
When hurt, damage is shared between your health and your magic reserves.
Your bite disrupts and absorbs the magic of your enemies.
Potions cannot restore your health.


Message History

Press: ? - help, Shift-Dir - straight line, f - sphinx
Aim: a sphinx The sphinx explodes violently!
You blow up the sphinx!
The green very ugly thing stings you but does no damage.
The fire dragon breathes flames at you. The blast of flame hits you.
You resist.
The stone giant hits you but does no damage.
You are too injured to fight recklessly!
You hit the fire dragon but do no damage.
You bite the fire dragon! You drain its power.
You feel invigorated.
The fire dragon is heavily wounded.
You hit the green very ugly thing.
You hit the stone giant but do no damage.
The green very ugly thing stings you!
You are lethally poisoned!
The green very ugly thing poisons you!
The fire dragon bites you but does no damage.
The fire dragon claws you but does no damage.
The fire dragon tramples you but does no damage.
You block the stone giant's attack.
You slash the fire dragon! Your bite misses the fire dragon.
The fire dragon is severely wounded.
You slice the stone giant!! You slice the green very ugly thing!!
* * * LOW HITPOINT WARNING * * *
You feel extremely sick. The green very ugly thing stings you!
* * * LOW HITPOINT WARNING * * *
You are more poisoned.
The green very ugly thing poisons you!
The fire dragon bites you but does no damage.
The fire dragon claws you but does no damage.
The fire dragon tramples you but does no damage.
The stone giant hits you.
* * * LOW HITPOINT WARNING * * *
The green very ugly thing stings you but does no damage.
You can now pass through a line of other dancers.
As you read the scroll of teleportation, it crumbles to dust.
You feel strangely unstable.
You die...

.# #. ... .. ..
... .##. ....#
.#. ....#
..###....#
#.........
#.......#
#.@.....#
#uDC>...#
#.....### .#
#)))..##
...#######..)...#
...$...........#
#.........#[.##
####........##
#..........#


You could see a green very ugly thing, a fire dragon (catching breath) and a
stone giant.

Vanquished Creatures
  Jorgrun (D:14)
  A sphinx (Depths:1)
  Frances (D:13)
  An azure jelly (IceCv)
  2 fire giants (Depths:1)
  3 quicksilver oozes (IceCv)
  A reaper (Lair:1)
  3 stone giants
  6 very ugly things
  Azrael (Orc:2)
  2 dire elephants (Lair:5)
  2 ettins
  8 vault guards (D:13)
  5 hydras
  4 ogre magi (Orc:2)
  Erolcha (Orc:1)
  Erica (Lair:1)
  4 centaur warriors
  20 two-headed ogres
  A boulder beetle (D:14)
  A vampire mage (Depths:1)
  2 tengu warriors (Depths:1)
  Urug (Orc:1)
  16 death yaks
  Sonja (Lair:5)
  The ghost of Nepie the Grappler, a novice TrBe of Trog (D:7)
  Amaemon (D:8)
  A spectral death yak (Lair:5)
  A spectral anaconda (Lair:5)
  An obsidian statue (Lair:5)
  A wizard (D:13)
  An orc knight (D:15)
  3 necromancers (Lair:5)
  2 deep elf pyromancers
  2 deep elf zephyrmancers (D:10)
  2 oklob plants (D:11)
  4 cyclopes
  2 manticores
  14 ugly things
  3 black mambas
  2 merfolk sirens (Lair:3)
  17 elephants
  Maurice (D:13)
  Joseph (D:10)
  3 ice statues (IceCv)
  An orange demon (D:8)
  A torpor snail (Lair:4)
  2 gargoyles
  15 cane toads
  A cane toad (shapeshifter) (D:15)
  A smoke demon (Volcano)
  2 unseen horrors
  2 kobold demonologists
  7 rime drakes (Lair:5)
  13 komodo dragons
  The ghost of krokodildil the Trooper, an amateur OgBe of Trog (D:4)
  2 ice devils (D:11)
  An efreet (D:15)
  2 freezing wraiths (D:14)
  2 tengu conjurers (D:15)
  3 red devils (Volcano)
  9 trolls
  3 hornets
  2 merfolk (Lair:3)
  A meliai (shapeshifter) (D:14)
  Grinder (D:5)
  2 polar bears (Lair:5)
  37 blink frogs
  2 spectral elephants (Lair:5)
  3 dream sheep (Lair:4)
  16 slime creatures
  2 wraiths (D:11)
  4 shadows
  9 wyverns
  3 fire bats (Lair:5)
  3 steam dragons
  19 yaks
  6 fire elementals (Orc:2)
  A human (Lair:1)
  5 basilisks
  10 vampire mosquitoes
  Menkaure (D:4)
  4 death yak simulacra (Lair:5)
  5 wargs
  Edmund (D:4)
  4 nagas (Lair:3)
  10 water moccasins
  A floating eye (D:11)
  5 hell hounds
  A meliai simulacrum (D:15)
  16 orc warriors
  3 ice beasts
  An elephant zombie (Lair:5)
  4 sky beasts
  3 great orb of eyes simulacra (IceCv)
  8 centaurs
  26 ogres
  25 wolves
  2 elephant skeletons (Lair:5)
  5 slime creature simulacra (IceCv)
  2 phantoms
  4 kobold brigands
  11 bullfrogs
  4 glowing shapeshifter simulacra (IceCv)
  2 gnoll sergeants
  6 scorpions
  5 wights
  3 killer bees (D:7)
  9 electric eels
  3 elephant simulacra (Lair:5)
  7 howler monkeys
  7 hounds
  2 jellies (Lair:4)
  12 orc priests
  A gnoll bouda (D:6)
  2 iguanas (D:6)
  A sleepcap (D:5)
  18 orc wizards
  5 hell rats (Lair:5)
  5 shapeshifter simulacra (IceCv)
  A centaur simulacrum (D:7)
  19 gnolls
  7 adders
  2 shadow imps
  4 white imps (D:7)
  A dart slug (D:3)
  81 orcs
  6 ball pythons
  5 bats
  10 endoplasms
  3 giant cockroaches
  7 goblins
  2 hobgoblins
  7 jackals
  2 quokkas
  3 frilled lizards
  27 kobolds
  4 rats
771 creatures vanquished.

Vanquished Creatures (others)
  An elephant skeleton (Lair:5)
  28 fungi
  68 plants
  24 withered plants
121 creatures vanquished.

Grand Total: 892 creatures vanquished

Notes
Turn   | Place    | Note
-------+----------+-------------------------------------------
     0 | D:1      | senseless the Vine Stalker Fighter began the quest for the
                  | Orb.
     0 | D:1      | Reached XP level 1. HP: 11/11 MP: 2/2
    71 | D:1      | Reached XP level 2. HP: 16/16 MP: 3/3
   441 | D:1      | Reached XP level 3. HP: 20/20 MP: 4/4
   543 | D:1      | Found a faded altar of an unknown god.
   964 | D:2      | Identified the +2 dagger of Wrath {venom, rF+}
  1701 | D:3      | Gained mutation: Your natural rate of healing is unusually
                  | fast. [Vine Stalker growth]
  1701 | D:3      | Reached XP level 4. HP: 24/24 MP: 5/5
  2175 | D:4      | Identified 2 scrolls of acquirement
  2175 | D:4      | Acquired the +2 buckler of Qenir {rF+ Will+}
  2177 | D:4      | Acquired the +10 crystal plate armour of Oblivion {Str+3
                  | Int+4 Dex+3}
  2217 | D:4      | Reached XP level 5. HP: 28/28 MP: 6/6
  2415 | D:4      | Noticed Menkaure
  2422 | D:4      | Killed Menkaure
  2423 | D:4      | Reached XP level 6. HP: 19/33 MP: 7/7
  2528 | D:4      | Noticed Edmund
  2540 | D:4      | Killed Edmund
  2677 | D:4      | Reached XP level 7. HP: 37/37 MP: 8/8
  2869 | D:4      | Found a runed translucent gate.
  2869 | D:4      | Found a runed translucent gate.
  2869 | D:4      | Found a runed translucent gate.
  2869 | D:4      | Noticed krokodildil's ghost (amateur OgBe)
  3031 | D:5      | Entered Level 5 of the Dungeon
  3125 | D:5      | Found a blossoming altar of Fedhas.
  3145 | D:5      | Noticed Grinder
  3165 | D:5      | Killed Grinder
  3166 | D:5      | Gained mutation: You have razor-sharp teeth. [Vine Stalker
                  | growth]
  3166 | D:5      | Reached XP level 8. HP: 36/42 MP: 9/9
  3270 | D:5      | Reached skill level 5 in Shields
  3292 | D:5      | Reached skill level 5 in Fighting
  3355 | D:5      | Found a broken altar of Ashenzari.
  3616 | D:5      | Found Suloeh Naun's General Store.
  3620 | D:5      | Bought a scroll of brand weapon for 114 gold pieces
  3620 | D:5      | Bought a scroll of fear for 48 gold pieces
  3848 | D:6      | Found a staircase to the Ecumenical Temple.
  3877 | D:6      | Reached skill level 5 in Axes
  3877 | D:6      | Reached skill level 5 in Armour
  4245 | D:6      | Reached XP level 9. HP: 48/48 MP: 8/10
  4839 | D:4      | Killed krokodildil's ghost
  4960 | Temple   | Entered the Ecumenical Temple
  4980 | Temple   | Became a worshipper of Uskayaw the Reveller
  5031 | D:7      | Reached * piety under Uskayaw
  5040 | D:7      | Reached ** piety under Uskayaw
  5091 | D:7      | Found a shimmering blue altar of Sif Muna.
  5121 | D:7      | Identified the staff of conjuration "Zaduor" {*Corrode
                  | rElec Will+ Int+3}
  5179 | D:7      | Found a runed translucent gate.
  5187 | D:7      | Found a runed translucent gate.
  5188 | D:7      | Found a runed translucent gate.
  5193 | D:7      | Noticed Nepie's ghost (novice TrBe)
  5209 | D:7      | Reached *** piety under Uskayaw
  5270 | D:7      | Noticed a hornet
  5276 | D:7      | Killed a hornet
  5280 | D:7      | Reached **** piety under Uskayaw
  5341 | D:7      | Reached XP level 10. HP: 53/53 MP: 11/11
  5534 | D:7      | Found Wonim's Armour Boutique.
  5554 | D:7      | Bought a +0 pair of boots for 67 gold pieces
  5631 | D:7      | Killed Nepie's ghost
  5641 | D:7      | Reached ***** piety under Uskayaw
  5706 | D:8      | Found a snail-covered altar of Cheibriados.
  5928 | D:8      | Noticed Amaemon
  5928 | D:8      | Noticed an orange demon
  5934 | D:8      | Killed an orange demon
  5935 | D:8      | Killed Amaemon
  6161 | D:8      | Found a white marble altar of Elyvilon.
  6499 | D:8      | Found a sacrificial altar of Ru.
  6688 | D:9      | Reached XP level 11. HP: 60/60 MP: 12/12
  6792 | D:9      | Found a staircase to the Lair.
  6885 | D:9      | Found a glowing golden altar of the Shining One.
  7165 | D:9      | Found a runed translucent door.
  7470 | D:10     | Entered Level 10 of the Dungeon
  7491 | D:10     | Reached skill level 1 in Evocations
  7556 | D:10     | Noticed a deep elf pyromancer
  7557 | D:10     | Noticed Joseph
  7562 | D:10     | Noticed a wizard
  7563 | D:10     | Killed a deep elf pyromancer
  7566 | D:10     | Killed Joseph
  7566 | D:10     | Noticed a deep elf zephyrmancer
  7579 | D:10     | Killed a deep elf zephyrmancer
  7614 | D:10     | Noticed a deep elf zephyrmancer
  7618 | D:10     | Killed a deep elf zephyrmancer
  7650 | D:10     | Got Seclygil's Handbook of Dhcmrlchtdj
  7660 | D:10     | Got Ts'ui PĂȘn's Catalogue of Forking Paths
  7678 | D:10     | Got the Elucidation of Sand
  8089 | D:11     | Found a frozen archway.
  8106 | IceCv    | Entered an ice cave
  8152 | IceCv    | Reached XP level 12. HP: 66/66 MP: 13/13
  8305 | IceCv    | Noticed a quicksilver ooze
  8310 | IceCv    | Killed a quicksilver ooze
  8336 | IceCv    | Noticed a quicksilver ooze
  8342 | IceCv    | HP: 2/67 [quicksilver ooze (4)]
  8343 | IceCv    | Killed a quicksilver ooze
  8359 | IceCv    | Noticed a quicksilver ooze
  8431 | IceCv    | Killed a quicksilver ooze
  8500 | IceCv    | Noticed an azure jelly
  8515 | IceCv    | Killed an azure jelly
  8571 | IceCv    | Found a viscous altar of Jiyva.
  8590 | IceCv    | Identified the amulet "Imur" {Spirit rPois}
  8592 | IceCv    | Identified the ring of the Three Songs {rCorr MP-9 Int+6
                  | SInv}
  8787 | D:11     | Noticed a soul eater
  8956 | D:11     | Found a staircase to the Orcish Mines.
  8976 | D:11     | Reached skill level 5 in Evocations
  9042 | D:11     | Paralysed by a floating eye for 4 turns
  9098 | D:11     | Identified the +2 scale mail of Immorality {rF+ rC+ SInv
                  | Stlth-}
  9225 | D:12     | Noticed a two-headed ogre
  9231 | D:12     | Killed a two-headed ogre
  9232 | D:12     | Reached skill level 10 in Fighting
  9232 | D:12     | Reached skill level 10 in Shields
  9232 | D:12     | Reached XP level 13. HP: 72/72 MP: 14/14
  9402 | D:12     | Reached skill level 10 in Axes
 10039 | D:13     | Noticed a white very ugly thing
 10123 | D:13     | You fall into a shaft and drop 2 floors!
 10123 | D:15     | Entered Level 15 of the Dungeon
 10399 | D:14     | Noticed Jorgrun
 10415 | D:14     | Killed Jorgrun
 10421 | D:14     | Reached ****** piety under Uskayaw
 10786 | Lair:1   | Entered Level 1 of the Lair of Beasts
 11069 | Lair:1   | Noticed Erica
 11077 | Lair:1   | Killed Erica
 11246 | Lair:1   | Reached skill level 10 in Armour
 11316 | Lair:1   | Found a runed translucent door.
 11551 | Lair:1   | Noticed a reaper
 11562 | Lair:1   | Killed a reaper
 11829 | Lair:2   | Reached XP level 14. HP: 77/77 MP: 6/15
 12732 | Lair:3   | Found a staircase to the Shoals.
 12929 | Lair:3   | Found a staircase to the Snake Pit.
 13894 | Lair:4   | Found a staircase to the Slime Pits.
 13894 | Lair:4   | Found a viscous altar of Jiyva.
 14076 | Lair:4   | Reached XP level 15. HP: 84/84 MP: 16/16
 14620 | Lair:5   | Entered Level 5 of the Lair of Beasts
 14712 | Lair:5   | Found a dark tunnel.
 14729 | Volcano  | Entered a volcano
 15113 | Lair:5   | Noticed Sonja
 15121 | Lair:5   | Killed Sonja
 15766 | Lair:5   | Identified the staff of conjuration "Masoing" {rPois}
 15819 | Lair:5   | Identified the +0 scale mail of Bursted Beauty {*Corrode
                  | rN++ Int+5}
 16308 | Orc:1    | Entered Level 1 of the Orcish Mines
 16308 | Orc:1    | Noticed Erolcha
 16313 | Orc:1    | Killed Erolcha
 16416 | Orc:2    | Entered Level 2 of the Orcish Mines
 16562 | Orc:1    | Noticed Urug
 16576 | Orc:1    | Killed Urug
 16680 | Orc:1    | Reached XP level 16. HP: 74/90 MP: 12/17
 16924 | Orc:2    | Noticed Azrael
 16932 | Orc:2    | Killed Azrael
 16943 | Orc:2    | Found a staircase to the Elven Halls.
 16991 | Orc:2    | Reached skill level 10 in Evocations
 17040 | Orc:2    | Found Lexajino's General Store.
 17040 | Orc:2    | Found Sureny's Armour Shoppe.
 17042 | Orc:2    | Found Ycyon's Antique Armour Shop.
 17042 | Orc:2    | Found Itrean's Book Emporium.
 17366 | Elf:1    | Entered Level 1 of the Elven Halls
 17568 | D:13     | Got Sif Muna's Catalogue of the Curse
 17703 | D:13     | Found a gate to the Vaults.
 17831 | D:13     | Noticed Frances
 17840 | D:13     | Killed Frances
 17990 | D:13     | Noticed Maurice
 18002 | D:13     | Killed Maurice
 18383 | D:14     | Found a portal to a secret trove of treasure.
 18712 | D:15     | Found a radiant altar of Vehumet.
 19043 | D:15     | Found a staircase to the Depths.
 19531 | Depths:1 | Entered Level 1 of the Depths
 19542 | Depths:1 | Acquired a manual of Earth Magic
 19593 | Depths:1 | Reached XP level 17. HP: 71/95 MP: 15/18
 19659 | Depths:1 | Noticed a sphinx
 19663 | Depths:1 | Killed a sphinx
 19666 | Depths:1 | Succumbed to a green very ugly thing's poison

Illustrated notes

Levels and vault maps discovered:
D:1:      psy_arrival_radial01, layout_loops_ring,
          shapermc_ecumenical_altar_flowoftime, minmay_heptomino_o4
D:2:      layout_loops_ring
D:3:      layout_loops_ring
D:4:      layout_loops_ring, biasface_ghost_orc_armoury, uniq_edmund,
          uniq_menkaure
D:5:      layout_basic, ashenzari_conservatory_becter, kennysheep_mini_moat,
          serial_shops, kennysheep_little_box, minmay_misc_feat_secret_circle,
          kennysheep_generic_room_8, uniq_grinder
D:6:      layout_layer_cave, minmay_temple_entry_trees
D:7:      layout_basic, amcnicky_altar_gilded, serial_shops, shop,
          gammafunk_ghost_icy
D:8:      layout_loops_corners, cheibriados_altar_1, elyvilon_altar_5,
          nicolae_ru_path_of_blood, uniq_amaemon
D:9:      layout_loops_ring, mainiacjoe_overflow_tiny_flanked, erik_lair_island,
          serial_bayou, serial_bayou_pond_b, serial_bayou_pond_e,
          serial_bayou_lagoon_a, serial_bayou_ford_a,
          chequers_serial_rivers_small_a, lightli_church_of_beogh
D:10:     layout_gridville, bh_hangedman_babel_library, uniq_joseph
D:11:     layout_cross, david_orc_1_choice, portal_ice_cave_demonic_guard,
          disabler_island
D:12:     layout_cave_pods, serial_park, serial_park_square2,
          serial_park_tiny_1, serial_park_tiny_pond, serial_park_tiny_pond
D:13:     minmay_curly_fans, layout_grid_maze, erik_vaults_2, uniq_frances,
          uniq_maurice
D:14:     layout_cave_pods, enter_trove_2, uniq_jorgrun
D:15:     grunt_enter_depths_giant_problem, layout_loops_corners,
          nicolae_vehumet_altar_sigil
Temple:   bh_familiar_temple
Lair:1:   layout_gridlike, pdpol_lair_cabin_in_the_woods, uniq_erica
Lair:2:   layout_gridlike, grunt_megastairs_5
Lair:3:   layout_chaotic_city, elwin_shoals_entry_stream,
          minmay_snake_entry_guardpost_small, serial_bayou_lagoon_b,
          infiniplex_staircase_pool_2, grunt_megastairs_3
Lair:4:   cheibrodos_lair_river_kwai, layout_cellular_growth,
          nicolae_slime_entry_slimehenge, lemuel_fruit_tree, grunt_megastairs_1
Lair:5:   due_jungle_book, layout_loops_ring, nicolae_volcano_entry_batcave,
          special_room [special_room_mythical_zoo], serial_bayou_shore_a,
          uniq_sonja
Orc:1:    layout_caves, uniq_urug, uniq_erolcha
Orc:2:    st_orc_ogre_mass, layout_caves, uniq_azrael
Elf:1:    minmay_elf_arrival_plus, layout_geoelf_grid, serial_shops,
          nicolae_shop_bloodbath_and_beyond, minmay_elf_necromancy
Depths:1: layout_cave_shapes, eino_curves_03, grunt_metal_band,
          minmay_statues_item, minmay_shattered_shrine

Skill      XL: |  1  2  3  4  5  6  7  8  9 10 11 12 13 14 15 16 |
---------------+-------------------------------------------------+-----
Axes           | 2 3 4 5 6 7 8 9 10 11 12 13 | 13.4
Fighting       | 3 4 5 6 8 9 10 11 12 13 | 13.5
Shields        | 3 4 5 6 8 9 10 11 12 13 | 13.5
Armour         | 3 4 5 6 7 8 9 10 11 12 | 12.5
Evocations     | 3 5 6 8 9 10 | 10.9

Action                     |  1- 3 |  4- 6 |  7- 9 | 10-12 | 13-15 | 16-18 || total
---------------------------+-------+-------+-------+-------+-------+-------++-------
  Melee: War axe           |   101 |    56 |   223 |   312 |   596 |   256 ||  1544
         Bite              |    26 |    13 |    60 |    95 |   189 |   101 ||   484
         Scimitar          |       |       |       |       |    12 |     6 ||    18
 Invoke: Stomp             |       |       |       |       |     2 |       ||     2
         Grand Finale      |       |       |       |       |       |     1 ||     1
  Evoke: Wand              |       |       |     3 |    15 |       |     1 ||    19
         Phial of floods   |       |       |       |     1 |     1 |     1 ||     3
    Use: Scroll            |       |     9 |     9 |    11 |    10 |     5 ||    44
         Potion            |       |       |       |     2 |       |       ||     2
   Stab: Paralysed         |       |       |       |    26 |    75 |    37 ||   138
 Armour: Scale mail        |    35 |       |       |       |       |       ||    35
         Chain mail        |     1 |    18 |       |       |       |       ||    19
         Crystal plate arm |       |    20 |   185 |   356 |   623 |   249 ||  1433
  Dodge: Dodged            |    33 |    16 |    46 |    99 |   195 |    74 ||   463
  Block: Buckler           |    13 |    22 |    87 |   177 |   355 |   130 ||   784

Table legend: (Time is in decaauts)
 A = Elapsed time spent in this place.
 B = Non-inter-level travel time spent in this place.
 C = Inter-level travel time spent in this place.
 D = Time resting spent in this place.
 E = Time spent auto-exploring this place.
 F = Levels seen in this place.
 G = Mean time per level.
                   A        B        C        D        E       F      G
               +--------+--------+--------+--------+--------+-----+--------+
         Total |  20384 |  18909 |   1475 |    208 |  14169 |  27 |  755.0 |
       Dungeon |  12813 |  11736 |   1077 |     62 |   9060 |  15 |  854.2 |
        Temple |     33 |     21 |     12 |      0 |     15 |   1 |   33.0 |
          Lair |   5433 |   5125 |    308 |     16 |   3861 |   5 | 1086.6 |
  Orcish Mines |   1134 |   1059 |     75 |      0 |    822 |   2 |  567.0 |
   Elven Halls |      1 |      1 |      0 |      0 |      0 |   1 |    1.0 |
        Depths |    145 |    145 |      0 |      0 |     64 |   1 |  145.0 |
      Ice Cave |    606 |    606 |      0 |     11 |    307 |   1 |  606.0 |
       Volcano |    215 |    215 |      0 |    119 |     40 |   1 |  215.0 |
               +--------+--------+--------+--------+--------+-----+--------+

Top non-repeatable levels by time:
  Lair:5: 1376 daAuts
  Lair:4: 1136 daAuts
     D:9: 1084 daAuts
  Lair:1: 1029 daAuts
     D:4: 1026 daAuts
    D:13: 1023 daAuts
     D:1: 976 daAuts
     D:6: 967 daAuts
  Lair:2: 957 daAuts
    D:14: 945 daAuts
  Lair:3: 933 daAuts
    D:15: 905 daAuts
     D:5: 890 daAuts
     D:8: 864 daAuts
    D:12: 864 daAuts
